TOP OF THE 1ST |
Trenton Stars batting - Pitching for Allentown Hillbillies : RHP Coy Torres
|
Pitching: RHP Coy Torres
|
|
Batting: RHB Bill Bourland
|
0-0: Called Strike 0-1: Ball 1-1: Ball 2-1: Foul Ball, location: 2F 2-2: DOUBLE (Line Drive, 9LM)
|
Batting: RHB George Reeves
|
0-0: Fly out, F4 (Popup, 4)
|
Batting: LHB Wes Thompson
|
0-0: Foul Ball, location: 2F 0-1: Ball 1-1: DOUBLE (Flyball, 7LD) Bill Bourland scores
|
Batting: RHB Jesús Solís
|
0-0: Ball 1-0: Ground out 1-3 (Groundball, 13) Wes Thompson to third
|
Batting: LHB Pat Zimmerman
|
0-0: Ball 1-0: Ball 2-0: Ball 3-0: Called Strike 3-1: Base on Balls
|
Batting: RHB Alfredo López
|
0-0: Called Strike 0-1: Foul Ball, location: 2F 0-2: Ball 1-2: Strikes out swinging
|
Top of the 1st over - 1 run, 2 hits, 0 errors, 2 left on base; Trenton 1 - Allentown 0 |
BOTTOM OF THE 1ST |
Allentown Hillbillies batting - Pitching for Trenton Stars : RHP Darrell Stanley
|
Pitching: RHP Darrell Stanley
|
|
Batting: LHB Júlio Lorenzo
|
0-0: Called Strike 0-1: Ball 1-1: Ball 2-1: Foul Ball, location: 2F 2-2: Ball 3-2: Foul Ball, location: 2F 3-2: SINGLE (Flyball, 8LM)
|
Batting: SHB Travis Martin
|
0-0: Ball Júlio Lorenzo is caught stealing 2nd base 1-0: Called Strike 1-1: Ball 2-1: Swinging Strike 2-2: Ball 3-2: Foul Ball, location: 2F 3-2: Strikes out swinging
|
Batting: RHB Albert Lutz
|
0-0: Ball 1-0: Ball 2-0: SINGLE (Groundball, 34S) (infield hit)
|
Batting: RHB Germano Labrego
|
0-0: Ball Passed Ball! Albert Lutz to second 1-0: Ground out 6-3 (Groundball, 6)
|
Bottom of the 1st over - 0 runs, 2 hits, 0 errors, 1 left on base; Trenton 1 - Allentown 0 |
TOP OF THE 2ND |
Trenton Stars batting - Pitching for Allentown Hillbillies : RHP Coy Torres
|
Batting: RHB Joe Baker
|
0-0: Ball 1-0: Fly out, F8 (Line Drive, 8LD)
|
Batting: LHB Gerardo Guzmán
|
0-0: Ball 1-0: Swinging Strike 1-1: Ball 2-1: Foul Ball, location: 2F 2-2: Ball 3-2: Foul Ball, location: 2F 3-2: Strikes out swinging
|
Batting: RHB Dan McKay
|
0-0: Foul Ball, location: 2F 0-1: Foul Ball, location: 2F 0-2: Strikes out looking
|
Top of the 2nd over - 0 runs, 0 hits, 0 errors, 0 left on base; Trenton 1 - Allentown 0 |
BOTTOM OF THE 2ND |
Allentown Hillbillies batting - Pitching for Trenton Stars : RHP Darrell Stanley
|
Batting: RHB Germán Romero
|
0-0: Ball 1-0: Ball 2-0: Ball 3-0: Called Strike 3-1: Base on Balls
|
Batting: RHB Jeff Townsley
|
0-0: Ball 1-0: Fly out, F8 (Flyball, 8LD)
|
Batting: RHB Von Ford
|
0-0: Foul Ball, location: 2F 0-1: Called Strike 0-2: Ball 1-2: Ball Germán Romero is caught stealing 2nd base 2-2: Fly out, F7 (Line Drive, 78M)
|
Bottom of the 2nd over - 0 runs, 0 hits, 0 errors, 0 left on base; Trenton 1 - Allentown 0 |
TOP OF THE 3RD |
Trenton Stars batting - Pitching for Allentown Hillbillies : RHP Coy Torres
|
Batting: RHB Bill Bourland
|
0-0: Ball 1-0: Ground out U3 (Groundball, 34)
|
Batting: RHB George Reeves
|
0-0: Foul Ball, location: 2F 0-1: Ball 1-1: Ball 2-1: Foul Ball, location: 2F 2-2: Strikes out swinging
|
Batting: LHB Wes Thompson
|
0-0: Swinging Strike 0-1: Swinging Strike 0-2: Foul Ball, location: 2F 0-2: Ground out 1-3 (Groundball, 13)
|
Top of the 3rd over - 0 runs, 0 hits, 0 errors, 0 left on base; Trenton 1 - Allentown 0 |
BOTTOM OF THE 3RD |
Allentown Hillbillies batting - Pitching for Trenton Stars : RHP Darrell Stanley
|
Batting: RHB Justin Harris
|
0-0: Called Strike 0-1: Ball 1-1: Called Strike 1-2: Foul Ball, location: 2F 1-2: Foul Ball, location: 2F 1-2: Strikes out swinging
|
Batting: RHB Juan Magdayao
|
0-0: Ball 1-0: SOLO HOME RUN (Flyball, 7D), Distance : 355 ft
|
Batting: LHB Júlio Lorenzo
|
0-0: Ball 1-0: Ball 2-0: Swinging Strike 2-1: Foul Ball, location: 2F 2-2: Ball 3-2: Strikes out swinging
|
Batting: SHB Travis Martin
|
0-0: Ground out 6-3 (Groundball, 6)
|
Bottom of the 3rd over - 1 run, 1 hit, 0 errors, 0 left on base; Trenton 1 - Allentown 1 |
TOP OF THE 4TH |
Trenton Stars batting - Pitching for Allentown Hillbillies : RHP Coy Torres
|
Batting: RHB Jesús Solís
|
0-0: Ball 1-0: Called Strike 1-1: Ball 2-1: Ball 3-1: Called Strike 3-2: Strikes out looking
|
Batting: LHB Pat Zimmerman
|
0-0: Ball 1-0: Ground out 4-3 (Groundball, 4)
|
Batting: RHB Alfredo López
|
0-0: Ball 1-0: Called Strike 1-1: Swinging Strike 1-2: Strikes out swinging
|
Top of the 4th over - 0 runs, 0 hits, 0 errors, 0 left on base; Trenton 1 - Allentown 1 |
BOTTOM OF THE 4TH |
Allentown Hillbillies batting - Pitching for Trenton Stars : RHP Darrell Stanley
|
Batting: RHB Albert Lutz
|
0-0: Ball 1-0: SOLO HOME RUN (Flyball, 7LD), Distance : 373 ft
|
Batting: RHB Germano Labrego
|
0-0: Ground out 5-3 (Groundball, 56)
|
Batting: RHB Germán Romero
|
0-0: Ball 1-0: Ball 2-0: Foul Ball, location: 2F 2-1: Ball 3-1: SINGLE (Groundball, 6MD)
|
Batting: RHB Jeff Townsley
|
0-0: Foul Ball, location: 2F 0-1: Ball 1-1: Fly out, F7 (Line Drive, 7D)
|
Pitching: LHP Pedro Orozco
|
|
Batting: RHB Von Ford
|
0-0: Ball 1-0: Foul Ball, location: 2F 1-1: Foul Ball, location: 2F 1-2: Ball 2-2: Foul Ball, location: 2F 2-2: Ball 3-2: Base on Balls Germán Romero to second
|
Batting: RHB Justin Harris
|
0-0: Ball 1-0: Ball 2-0: Ball 3-0: Base on Balls Germán Romero to third Von Ford to second
|
Batting: RHB Juan Magdayao
|
0-0: Swinging Strike 0-1: Swinging Strike 0-2: SINGLE (Groundball, 56D) Germán Romero scores Von Ford to third Justin Harris to second Runner from 3rd tries for Home, SAFE, throw made home
|
Batting: LHB Júlio Lorenzo
|
0-0: Ball 1-0: Called Strike 1-1: Fly out, F9 (Flyball, 9D)
|
Bottom of the 4th over - 3 runs, 3 hits, 0 errors, 2 left on base; Trenton 1 - Allentown 4 |
TOP OF THE 5TH |
Trenton Stars batting - Pitching for Allentown Hillbillies : RHP Coy Torres
|
Batting: RHB Joe Baker
|
0-0: DOUBLE (Line Drive, 9LD)
|
Batting: LHB Gerardo Guzmán
|
0-0: Foul Ball, location: 2F 0-1: Ball 1-1: Called Strike 1-2: Strikes out swinging
|
Pitching: RHP Millard Manning
|
|
Batting: RHB Dan McKay
|
0-0: Fly out, F8 (Flyball, 8RXD) Runner from 2nd tags up, SAFE at 3rd, no throw
|
Batting: RHB Bill Bourland
|
0-0: Called Strike 0-1: Called Strike 0-2: Ground out 4-3 (Groundball, 4M)
|
Top of the 5th over - 0 runs, 1 hit, 0 errors, 1 left on base; Trenton 1 - Allentown 4 |
BOTTOM OF THE 5TH |
Allentown Hillbillies batting - Pitching for Trenton Stars : LHP Pedro Orozco
|
Batting: SHB Travis Martin
|
0-0: Ball 1-0: Ball 2-0: Ball 3-0: Base on Balls
|
Batting: RHB Albert Lutz
|
0-0: Swinging Strike 0-1: Ground out 3-1 (Groundball, 34S) Travis Martin to second
|
Batting: RHB Germano Labrego
|
0-0: Ground out 4-3 (Groundball, 4) Travis Martin to third
|
Batting: RHB Germán Romero
|
0-0: Swinging Strike 0-1: SINGLE (Flyball, 7LS) Travis Martin scores
|
Batting: RHB Jeff Townsley
|
0-0: Called Strike 0-1: Foul Ball, location: 2F 0-2: Ball 1-2: Ball 2-2: SINGLE (Flyball, 8RS) Germán Romero to second Runner from 2nd tries for 3rd, SAFE, throw made to third
|
Batting: RHB Von Ford
|
0-0: Ball 1-0: SINGLE (Line Drive, 9LS) Germán Romero scores Jeff Townsley to second Runner from 2nd tries for 3rd, SAFE, no throw
|
Pitching: LHP Joseph Byrne
|
|
Pinch Runner at 3rd Toshinobu Tanaka:
|
|
Batting: RHB Justin Harris
|
0-0: Foul Ball, location: 2F 0-1: Ball 1-1: Ball 2-1: Foul Ball, location: 2F 2-2: Foul Ball, location: 2F 2-2: Foul Ball, location: 2F 2-2: Ball 3-2: 3-RUN HOME RUN (Flyball, 7D), Distance : 376 ft
|
Batting: RHB Juan Magdayao
|
0-0: Called Strike 0-1: Called Strike 0-2: Ball 1-2: Ball 2-2: Ground out 6-3 (Groundball, 6M)
|
Bottom of the 5th over - 5 runs, 4 hits, 0 errors, 0 left on base; Trenton 1 - Allentown 9 |
TOP OF THE 6TH |
Trenton Stars batting - Pitching for Allentown Hillbillies : RHP Millard Manning
|
Now in CF: Toshinobu Tanaka
|
|
Batting: RHB George Reeves
|
0-0: Ball 1-0: Called Strike 1-1: Foul Ball, location: 2F 1-2: Ball 2-2: Ball 3-2: Base on Balls
|
Batting: LHB Wes Thompson
|
0-0: Swinging Strike 0-1: Called Strike 0-2: Strikes out swinging
|
Batting: RHB Jesús Solís
|
0-0: Foul Ball, location: 2F 0-1: SINGLE (Line Drive, 7S) George Reeves to second
|
Batting: LHB Pat Zimmerman
|
0-0: Ball 1-0: Reached via error on a dropped throw, E4 George Reeves to third Jesús Solís to second
|
Batting: RHB Alfredo López
|
0-0: Foul Ball, location: 2F 0-1: Foul Ball, location: 2F 0-2: Ball 1-2: Ball 2-2: Foul Ball, location: 2F 2-2: Fly out, F8 (Flyball, 8RXD) Runner from 3rd tags up, SCORES, no throw
|
Batting: RHB Joe Baker
|
0-0: Ball 1-0: Ground out 1-3 (Groundball, 13)
|
Top of the 6th over - 1 run, 1 hit, 1 error, 2 left on base; Trenton 2 - Allentown 9 |
BOTTOM OF THE 6TH |
Allentown Hillbillies batting - Pitching for Trenton Stars : LHP Joseph Byrne
|
Batting: LHB Júlio Lorenzo
|
0-0: Swinging Strike 0-1: SINGLE (Groundball, 6) (infield hit)
|
Batting: SHB Travis Martin
|
0-0: Called Strike 0-1: TRIPLE (Line Drive, 78XD) Júlio Lorenzo scores
|
Pitching: RHP Fernando Silva
|
|
Batting: RHB Albert Lutz
|
0-0: Ball 1-0: Ground out 4-3 (Groundball, 4) Travis Martin scores
|
Batting: RHB Germano Labrego
|
0-0: Ball 1-0: Called Strike 1-1: Fly out, F7 (Flyball, 7S)
|
Batting: RHB Germán Romero
|
0-0: Ball 1-0: Foul Ball, location: 2F 1-1: Swinging Strike 1-2: Ball 2-2: Ball 3-2: Foul Ball, location: 2F 3-2: Base on Balls
|
Batting: SHB Toshinobu Tanaka
|
0-0: Ball 1-0: Ball 2-0: Ball 3-0: Called Strike 3-1: Called Strike 3-2: Foul Ball, location: 2F 3-2: Strikes out looking
|
Bottom of the 6th over - 2 runs, 2 hits, 0 errors, 1 left on base; Trenton 2 - Allentown 11 |
TOP OF THE 7TH |
Trenton Stars batting - Pitching for Allentown Hillbillies : RHP Millard Manning
|
Batting: LHB Gerardo Guzmán
|
0-0: Ball 1-0: Ball 2-0: Called Strike 2-1: Swinging Strike 2-2: Fly out, F8 (Flyball, 78D)
|
Batting: RHB Dan McKay
|
0-0: Ball 1-0: SINGLE (Groundball, 34D)
|
Batting: RHB Bill Bourland
|
0-0: SINGLE (Groundball, 6D) Dan McKay to second
|
Batting: RHB George Reeves
|
0-0: Ball 1-0: Called Strike 1-1: Ball 2-1: Foul Ball, location: 2F 2-2: Grounds into double play, 5-4-3 (Groundball, 5)
|
Top of the 7th over - 0 runs, 2 hits, 0 errors, 1 left on base; Trenton 2 - Allentown 11 |
BOTTOM OF THE 7TH |
Allentown Hillbillies batting - Pitching for Trenton Stars : RHP Fernando Silva
|
Batting: RHB Von Ford
|
0-0: Fly out, F4 (Line Drive, 4)
|
Batting: RHB Justin Harris
|
0-0: Ball 1-0: Foul Ball, location: 2F 1-1: Ball 2-1: DOUBLE (Line Drive, 7LM)
|
Batting: RHB Juan Magdayao
|
0-0: Ball 1-0: Swinging Strike 1-1: DOUBLE (Flyball, 78D) Justin Harris scores
|
Batting: LHB Júlio Lorenzo
|
0-0: Foul Ball, location: 2F 0-1: Called Strike 0-2: Ball 1-2: Strikes out swinging
|
Batting: SHB Travis Martin
|
0-0: Ball 1-0: Ball 2-0: Ball 3-0: Called Strike 3-1: SINGLE (Groundball, 34D) Juan Magdayao to third Runner from 3rd tries for Home, SAFE, no throw
|
Batting: RHB Albert Lutz
|
0-0: Ball 1-0: Called Strike 1-1: Swinging Strike 1-2: Ball 2-2: Ball 3-2: Foul Ball, location: 2F 3-2: Base on Balls Travis Martin to second
|
Batting: RHB Germano Labrego
|
0-0: Ball 1-0: SINGLE (Flyball, 7S) Travis Martin to third Albert Lutz to second Runner from 3rd tries for Home, SAFE, no throw
|
Pitching: LHP Enrico Lozano
|
|
Batting: RHB Germán Romero
|
0-0: Ball 1-0: Foul Ball, location: 2F 1-1: Ball 2-1: Ground out 3-1 (Groundball, 34)
|
Bottom of the 7th over - 3 runs, 4 hits, 0 errors, 2 left on base; Trenton 2 - Allentown 14 |
TOP OF THE 8TH |
Trenton Stars batting - Pitching for Allentown Hillbillies : RHP Millard Manning
|
Now at 1B: Hubert Brown
|
|
Now in LF: António Salazar
|
|
Batting: LHB Wes Thompson
|
0-0: Ball 1-0: Ball 2-0: SINGLE (Groundball, 56D)
|
Pitching: LHP Joe Cates
|
|
Batting: RHB Jesús Solís
|
0-0: Foul Ball, location: 2F 0-1: Ball 1-1: Ball 2-1: Ball 3-1: Base on Balls Wes Thompson to second
|
Batting: LHB Pat Zimmerman
|
0-0: Swinging Strike 0-1: Fly out, F8 (Flyball, 78D)
|
Batting: RHB Alfredo López
|
0-0: Ball 1-0: Called Strike 1-1: Ball 2-1: SINGLE (Groundball, 6MD) Wes Thompson to third Jesús Solís to second
|
Batting: RHB Joe Baker
|
0-0: Ball 1-0: Ball 2-0: Fly out, F7 (Line Drive, 7)
|
Batting: LHB Gerardo Guzmán
|
0-0: Ball 1-0: Ball 2-0: DOUBLE (Line Drive, 9LS) Wes Thompson scores Jesús Solís scores Alfredo López to third Runner from 3rd tries for Home, SAFE, throw made at trailing runner, OUT at third!
|
Top of the 8th over - 3 runs, 3 hits, 0 errors, 0 left on base; Trenton 5 - Allentown 14 |
BOTTOM OF THE 8TH |
Allentown Hillbillies batting - Pitching for Trenton Stars : LHP Enrico Lozano
|
Batting: SHB Toshinobu Tanaka
|
0-0: Called Strike 0-1: Swinging Strike 0-2: Ball 1-2: Fly out, F2 (Popup, 23F)
|
Batting: RHB Von Ford
|
0-0: Swinging Strike 0-1: Swinging Strike 0-2: Strikes out swinging
|
Batting: RHB Justin Harris
|
0-0: Ball 1-0: Foul Ball, location: 2F 1-1: Called Strike 1-2: Fly out, F8 (Flyball, 78M)
|
Bottom of the 8th over - 0 runs, 0 hits, 0 errors, 0 left on base; Trenton 5 - Allentown 14 |
TOP OF THE 9TH |
Trenton Stars batting - Pitching for Allentown Hillbillies : LHP Joe Cates
|
Now at SS: Russell Ewing
|
|
Batting: RHB Dan McKay
|
0-0: Ball 1-0: Foul Ball, location: 2F 1-1: Ball 2-1: Foul Ball, location: 2F 2-2: Ball 3-2: Base on Balls
|
Batting: RHB Bill Bourland
|
0-0: SINGLE (Groundball, 6MD) Dan McKay to second
|
Batting: RHB George Reeves
|
0-0: Ball 1-0: Ball 2-0: Fly out, F8 (Line Drive, 8LM)
|
Pinch Hitting: RHB Carlos Pérez
|
0-0: Ball 1-0: Ball 2-0: Ball 3-0: Called Strike 3-1: Base on Balls Dan McKay to third Bill Bourland to second
|
Batting: RHB Jesús Solís
|
0-0: Ball 1-0: Ball 2-0: Ball 3-0: Called Strike 3-1: Foul Ball, location: 2F 3-2: Foul Ball, location: 2F 3-2: GRAND SLAM HOME RUN (Flyball, 7D), Distance : 374 ft
|
Pitching: LHP Dan Rogers
|
|
Batting: LHB Pat Zimmerman
|
0-0: Ball 1-0: Called Strike 1-1: Foul Ball, location: 2F 1-2: Fly out, F6 (Popup, 6D)
|
Batting: RHB Alfredo López
|
0-0: Ball 1-0: Ball 2-0: Fly out, F7 (Flyball, 7)
|
Top of the 9th over - 4 runs, 2 hits, 0 errors, 0 left on base; Trenton 9 - Allentown 14 |
|